 Dungeon Crawl Stone Soup version 0.30-a0-177-g1cb5dbfd7a (webtiles) character file.

Game seed: 10308775992174598820

42 Sobieck the Sneak (level 3, -4/21 HPs)
             Began as a Kobold Brigand on Oct 2, 2022.
             Succumbed to Robin's poison
             ... on level 2 of the Dungeon.
             The game lasted 00:02:25 (1075 turns).

Sobieck the Sneak (Kobold Brigand)                  Turns: 1075, Time: 00:02:26

Health: -4/21      AC:  5    Str:  7 (8)  XL:     3   Next: 80%
Magic:  3/3        EV: 15    Int:  9 (12) God:
Gold:   74         SH:  0    Dex: 15 (18) Spells: 2/2 levels left

rFire   + . .      SeeInvis .    a - +2 dagger {short}
rCold   + . .      Faith    .    (no shield)
rNeg    . . .      Spirit   .    b - +0 robe
rPois   +          Reflect  .    (no helmet)
rElec   +          Harm     .    c - +0 cloak
rCorr   +          Rampage  .    j - +1 pair of gloves
Will    .....                    (no boots)
Stlth   ++++......               (no amulet)
HPRegen 0.23/turn                (no ring)
MPRegen 0.08/turn                (no ring)

@: lethally poisoned (-4 -> -29), resistant
A: small, no large weapons, nightstalker 3
a: no special abilities


You were on level 2 of the Dungeon.
You visited 1 branch of the dungeon, and saw 2 of its levels.

You collected 74 gold pieces.


Innate Abilities, Weirdness & Mutations

You are small and have problems with some larger weapons.
You are completely attuned to the shadows.


   Skills:
 - Level 2.1 Fighting
 + Level 3.6 Short Blades
 - Level 2.1 Throwing
 + Level 2.5 Dodging
 + Level 6.0 Stealth


You had 2 spell levels left.
You didn't know any spells.
Your spell library contained the following spells:

 Spells                   Type           Power      Damage    Failure   Level
 Scorch                   Fire           0%         2d5       52%         2
 Flame Wave               Conj/Fire      0%         2d4       99%         4
 Summon Cactus Giant      Summ           0%         N/A       100%        6

Inventory:

Hand Weapons
 a - a +2 dagger (weapon) {short}
Missiles
 d - 9 poisoned darts (quivered) {throwing}
 e - 3 curare-tipped darts {=fthrowing}
 f - 21 stones {throwing}
Armour
 b - a +0 robe (worn)
 c - a +0 cloak (worn)
 j - a +1 pair of gloves (worn)
   (You found it on level 2 of the Dungeon)
 o - a scarf of resistance
   (You found it on level 2 of the Dungeon)
Magical Staves
 i - a staff of air {!astaff}
   (You found it on level 1 of the Dungeon)
Scrolls
 k - 3 scrolls of torment {unknown}
 m - 2 scrolls of fear {unknown}
 n - a scroll of vulnerability {unknown}
 p - a scroll of enchant armour {unknown}
Potions
 h - 2 potions of degeneration {!q@e2}
 l - a potion of flight {unknown}

Dungeon Overview and Level Annotations

Branches:
Dungeon (2/15) Zot: 10941

Altars:
Fedhas

Annotations:
D:2 Robin

#..............#.#.......#
#..............#.#...)...#
#..(...........#.#.......#
...............#.#####.###
#..............#.#####.######
#..............#............#
#..............####.........#
###.##.........g............#
###..####... #.@...........#
............................#
########g...................#
............................#
####g.g...).................#
#.g........ ..........
##.g....... #.........
#......g.g


You could see Robin.


Message History

Unknown command.
You now have 63 gold pieces (gained 11).
Found an escape hatch in the floor.
Unknown command.
A giant cockroach comes into view.
Found a stone staircase leading up.
Danger!
You hit the giant cockroach.
You kill the giant cockroach!
No target in view!
No target in view!
o - a scarf of resistance Unknown command.
You start removing your armour.
You continue taking off your +0 cloak. x4
You finish taking off your +0 cloak.
You start putting on your armour.
You continue putting on your scarf of resistance. x5
You finish putting on your scarf of resistance.
You feel resistant to extremes of temperature.
Unknown command.
Unknown command.
A ball python comes into view.
Danger!
Unknown command.
A ball python is nearby!
The helpless ball python fails to defend itself.
You stick the ball python like a pincushion!!!
You kill the ball python!
Your Stealth skill increases to level 6!
No target in view!
No target in view!
Unknown command.
You start removing your armour.
You continue taking off your scarf of resistance. x4
You finish taking off your scarf of resistance.
You feel hot and cold all over.
You start putting on your armour.
You continue putting on your +0 cloak. x5
You finish putting on your +0 cloak.
Unknown command.
Unknown command.
A goblin comes into view. It is wielding a +0 dagger.
Danger!
The helpless goblin fails to defend itself.
You impale the goblin!!
You kill the goblin!
Unknown command.
You now have 74 gold pieces (gained 11).
p - a scroll labelled QOPEWO MOPIENT Unknown command.
Danger!
The goblin shouts!
You hit the goblin.
You kill the goblin!
You hear a shout!
Robin roars a battlecry!
The hobgoblin goes into a battle-frenzy!
The hobgoblin closely misses you.
Things that are here:
a +0 dagger {short}; a goblin corpse You hit the hobgoblin but do no damage.
The hobgoblin barely misses you.
You hit the hobgoblin but do no damage.
Robin's horned helmet rattles.
The hobgoblin misses you.
You hit the hobgoblin. The hobgoblin hits you.
You hit the hobgoblin.
You kill the hobgoblin!
You hit Robin. Robin completely misses you.
You hit Robin but do no damage. Robin misses you.
You hit Robin but do no damage. Robin closely misses you.
You barely miss Robin. Robin barely misses you.
You hit Robin. Robin hits you but does no damage.
You closely miss Robin. You hit Robin. Robin misses you.
You closely miss Robin. Robin hits you but does no damage.
Unknown command.
You hit Robin but do no damage. Robin hits you but does no damage.
You are poisoned.
You hit Robin.
You feel sick.
Robin hits you with a +0 dagger of venom.
You are lethally poisoned!
You hit Robin. Your punch misses Robin.
* * * LOW HITPOINT WARNING * * *
You feel very sick.
Unknown command.
You hit Robin but do no damage.
* * * LOW HITPOINT WARNING * * *
You feel very sick.
Robin hits you with a +0 dagger of venom.
* * * LOW HITPOINT WARNING * * *
You are more poisoned.
It was a potion of degeneration.
There was something very wrong with that liquid.
You feel weakened.
You feel dopey.
You feel clumsy.
* * * LOW HITPOINT WARNING * * *
You feel very sick. Robin hits you but does no damage.
You are more poisoned.
It was a potion of resistance.
You feel protected.
You die...

Skill      XL: |  1  2  3 |
---------------+----------+-----
Short Blades   | 3 |  3.6
Dodging        | 2 |  2.5
Stealth        | 6 |  6.0
Fighting       | |  2.1
Throwing       | |  2.1

Action                   || total
-------------------------++-------
Melee: Dagger            ||   103
  Use: Potion            ||     2
 Stab: Sleeping          ||    12
Armor: Robe              ||    21
Dodge: Dodged            ||    61

Levels and vault maps discovered:
D:1:      roderic_crossed_star, layout_rooms, serial_forest,
          infiniplex_forest_clump_tiny, infiniplex_forest_lined_2,
          infiniplex_forest_straight_2, infiniplex_forest_straight_3,
          infiniplex_forest_straight_2, infiniplex_forest_lined_room_2,
          ebering_ecumenical_altar_box, minmay_misc_feat_tiny
D:2:      layout_rooms, basic_altar, kennysheep_generic_room_15, uniq_robin

Notes
Turn   | Place    | Note
-------+----------+-------------------------------------------
     0 | D:1      | Sobieck the Kobold Brigand began the quest for the Orb.
     0 | D:1      | Reached XP level 1. HP: 12/12 MP: 1/1
    64 | D:1      | Found a faded altar of an unknown god.
    72 | D:1      | Reached skill level 3 in Short Blades
    72 | D:1      | Reached XP level 2. HP: 17/17 MP: 2/2
   172 | D:1      | You pick up a book of Scorching and begin reading...
   172 | D:1      | You add the spells Scorch, Flame Wave and Summon Cactus
                  | Giant to your library.
   247 | D:1      | Reached skill level 2 in Dodging
   401 | D:1      | Reached XP level 3. HP: 21/21 MP: 3/3
   684 | D:2      | Found a blossoming altar of Fedhas.
   721 | D:2      | Noticed Robin
  1017 | D:2      | Reached skill level 6 in Stealth
  1073 | D:2      | HP: 5/21 [Robin/+0 dagger of venom (1)]
  1074 | D:2      | HP: 1/21 [poisoned by Robin]
  1075 | D:2      | Succumbed to Robin's poison

Vanquished Creatures
  A dart slug (D:1)
  2 ball pythons
  2 bats (D:1)
  3 endoplasms (D:1)
  2 giant cockroaches
  12 goblins
  3 hobgoblins
  4 quokkas (D:1)
  2 kobolds (D:1)
  A rat (D:1)
32 creatures vanquished.

Table legend:
 A = Non-vault XP
 B = Vault XP
 C = Vault XP percentage of total XP
 D = Non-vault monster count
 E = Vault monster count
 F = Vault count percentage of total count
                 A         B        C        D         E       F
            +---------+---------+-------+---------+---------+-------
      Total |      40 |      21 |  34.4 |      21 |      11 |  34.4
            +---------+---------+-------+---------+---------+-------
        D:1 |      32 |       4 |  11.1 |      17 |       2 |  10.5
        D:2 |       8 |      17 |  68.0 |       4 |       9 |  69.2
            +---------+---------+-------+---------+---------+-------

Illustrated notes

Table legend:
 A = Kills in this place as a percentage of kills in entire the game.
 B = Kills by you in this place as a percentage of kills by you in the entire game.
 C = Kills by friends in this place as a percentage of kills by friends in the entire game.
 D = Other kills in this place as a percentage of other kills in the entire game.
 E = Experience gained in this place as a percentage of experience gained in the entire game.
 F = Experience gained in this place divided by the number of levels of this place that you have seen.
                   A       B       C       D       E      F
               +-------+-------+-------+-------+-------+----------------------
         Total | 100.0 | 100.0 |   N/A |   N/A | 100.0 |  30.5
       Dungeon | 100.0 | 100.0 |   N/A |   N/A | 100.0 |  30.5
               +-------+-------+-------+-------+-------+----------------------

Table legend: (Time is in decaauts)
 A = Elapsed time spent in this place.
 B = Non-inter-level travel time spent in this place.
 C = Inter-level travel time spent in this place.
 D = Time resting spent in this place.
 E = Time spent auto-exploring this place.
 F = Levels seen in this place.
 G = Mean time per level.
                   A        B        C        D        E       F      G
               +--------+--------+--------+--------+--------+-----+--------+
         Total |   1058 |   1020 |     38 |     89 |    681 |   2 |  529.0 |
       Dungeon |   1058 |   1020 |     38 |     89 |    681 |   2 |  529.0 |
               +--------+--------+--------+--------+--------+-----+--------+

Top non-repeatable levels by time:
     D:1: 711 daAuts
     D:2: 347 daAuts
